 Dungeon Crawl Stone Soup version 0.27.1-1-g398f81649c (webtiles) character file.

Game seed: 13228050390412714897

143 ZARRMARR the Sneak (level 5, 0/33 HPs)
             Began as an Octopode Earth Elementalist on Sept 8, 2021.
             Slain by a goblin (1 damage)
             ... on level 2 of the Dungeon.
             The game lasted 00:17:08 (2333 turns).

ZARRMARR the Sneak (Octopode Earth Elementalist)    Turns: 2333, Time: 00:17:09

Health: 0/33       AC:  1    Str:  7    XL:     5   Next: 25%
Magic:  8/8        EV: 13    Int: 18    God:
Gold:   158        SH:  0    Dex: 13    Spells: 2/8 levels left

rFire    + . .     SeeInvis .   c - +2 dagger (freeze)
rCold    . . .     Faith    .   (no shield)
rNeg     . . .     Spirit   .   (helmet restricted)
rPois    .         Reflect  .   e - amulet of magic regeneration
rElec    .         Harm     .   i - ring of protection from fire
rCorr    .         Rampage  .   (no ring)
Will     .....                  (no ring)
Stlth    +++.......             (no ring)
HPRegen  0.11/turn              (no ring)
MPRegen  0.36/turn              (no ring)
                                (no ring)
                                (no ring)

@: lethally poisoned (0 -> -3)
A: almost no armour, amphibious, 8 rings, camouflage 1, gelatinous body 1,
(nimble swimmer 1), tentacles, deterioration 1, wild magic 1
a: no special abilities


You were on level 2 of the Dungeon.
You visited 1 branch of the dungeon, and saw 3 of its levels.

You collected 158 gold pieces.

Inventory:

Hand Weapons
 b - a +0 dagger of venom
 c - a +2 dagger of freezing (weapon)
 d - a +3 dagger
Jewellery
 e - an amulet of magic regeneration (around mantle)
 i - a ring of protection from fire (left tentacle)
Scrolls
 a - 3 scrolls of magic mapping
 h - a scroll of immolation {unknown}
 k - a scroll of teleportation {unknown}


   Skills:
 + Level 1.4 Fighting
 * Level 2.1 Short Blades
 + Level 2.7 Dodging
 + Level 3.7 Stealth
 - Level 2.4 Spellcasting
 - Level 1.7 Transmutations
 - Level 3.3 Earth Magic


You had 2 spell levels left.
You knew the following spells:

 Your Spells              Type           Power      Damage    Failure   Level
a - Sandblast             Erth           36%        2d10      7%          1
b - Passwall              Tmut/Erth      11%        N/A       14%         2
c - Stone Arrow           Conj/Erth      20%        3d8       34%         3

Your spell library contained the following spells:

 Spells                   Type           Power      Damage    Failure   Level
 Petrify                  Tmut/Erth      14%        N/A       61%         4


Dungeon Overview and Level Annotations

Branches:
Dungeon (3/15)

Altars:
Gozag
Nemelex Xobeh
Trog

Shops:
D:3 *

Annotations:
D:2 Terence
D:3 Sigmund


Innate Abilities, Weirdness & Mutations

You cannot wear most types of armour.
You are amphibious.
You can wear up to eight rings at the same time.
Your skin changes colour to match your surroundings (Stealth+).
Your rubbery body absorbs attacks. (AC +1, EV +1)
((You are camouflaged near water. (Stealth+)))
You have tentacles for arms and can constrict up to eight enemies at once.
Your body sometimes deteriorates upon taking damage.
Your spells are a little harder to cast, but a little more powerful.


Message History

The adder is moderately wounded.
The adder bites you.
You are poisoned.
The adder poisons you!
It was a potion of mutation.
You feel extremely strange.
You feel yourself wasting away.
You feel less in control of your magic.
You feel sick. The adder bites you.
* * * LOW HITPOINT WARNING * * *
You are lethally poisoned!
The adder poisons you!
Unknown command.
You hit the adder. You grab the adder. Your squeeze misses the adder.
The adder is severely wounded.
You constrict the adder.
* * * LOW HITPOINT WARNING * * *
You feel sick. The adder misses you. The adder bites you but does no damage.
As you read the scroll labelled LEMABE QYOCEXIOS, it crumbles to dust.
It is a scroll of brand weapon.
Your +2 dagger of draining is covered with a thin layer of ice!
c - a +2 dagger of freezing (weapon)
You constrict the adder.
* * * LOW HITPOINT WARNING * * *
You feel sick. The adder bites you but does no damage.
You hit the adder but do no damage.
The adder is almost dead.
You constrict the adder.
* * * LOW HITPOINT WARNING * * *
You feel sick. The adder closely misses you.
You barely miss the adder. Your squeeze misses the adder.
The adder is almost dead.
You constrict the adder.
You kill the adder!
* * * LOW HITPOINT WARNING * * *
You feel sick.
You completely miss the goblin. Your grab misses the goblin.
The goblin misses you.
You barely miss the goblin. You grab the goblin. You constrict the goblin.
* * * LOW HITPOINT WARNING * * *
You feel sick. The goblin hits you with a +0 club.
You die...

####.#
#>...#
#.##.#
#.##.#
#.##.#
#.##.#
#.##.#######
#.##........
#@##."....#.
#g##........
#...........
###..$....##
#.))..#..#
#.....####
#...###
##... #....


You could see a goblin.

Vanquished Creatures
  Jessica (D:2)
  An orc wizard (D:3)
  Robin (D:3)
  2 adders
  A worm (D:2)
  4 orcs (D:3)
  3 bats
  2 endoplasms
  5 giant cockroaches
  14 goblins
  4 hobgoblins
  3 jackals (D:1)
  7 ball pythons
  A frilled lizard (D:1)
  3 kobolds
  2 rats
54 creatures vanquished.

Vanquished Creatures (others)
  A plant (D:1)
1 creature vanquished.

Grand Total: 55 creatures vanquished

Notes
Turn   | Place    | Note
-------+----------+-------------------------------------------
     0 | D:1      | ZARRMARR the Octopode Earth Elementalist began the quest
                  | for the Orb.
     0 | D:1      | Reached XP level 1. HP: 11/11 MP: 3/3
   129 | D:1      | Reached XP level 2. HP: 18/18 MP: 3/5
   295 | D:1      | Learned a level 2 spell: Passwall
   420 | D:1      | Reached XP level 3. HP: 22/22 MP: 6/6
   421 | D:1      | Reached skill level 1 in Short Blades
   587 | D:1      | Found a faded altar of an unknown god.
   802 | D:2      | Noticed Terence
  1031 | D:2      | Noticed Jessica
  1066 | D:3      | Reached skill level 1 in Fighting
  1067 | D:3      | Noticed Robin
  1083 | D:3      | Found an opulent altar of Gozag.
  1164 | D:3      | Found Gozag's Platinum Reserve.
  1500 | D:3      | Learned a level 3 spell: Stone Arrow
  1501 | D:3      | Killed Robin
  1502 | D:3      | Reached XP level 4. HP: 28/28 MP: 0/7
  1547 | D:3      | Noticed Sigmund
  1714 | D:3      | Found a sparkling altar of Nemelex Xobeh.
  1928 | D:3      | Found a bloodstained altar of Trog.
  2320 | D:2      | Killed Jessica
  2321 | D:2      | Reached XP level 5. HP: 18/33 MP: 8/8
  2327 | D:2      | Gained mutation: Your body sometimes deteriorates upon
                  | taking damage. [potion of mutation]
  2327 | D:2      | Gained mutation: Your spells are a little harder to cast,
                  | but a little more powerful. [potion of mutation]
  2333 | D:2      | HP: 1/33 [poisoned by an adder]
  2333 | D:2      | Slain by a goblin

Illustrated notes

Levels and vault maps discovered:
D:1:      dpeg_arrival_renting, layout_rooms, dreamdust_ecumenical_altar_grove
D:2:      layout_basic, basic_altar, minivault_5, hangedman_decor_push,
          hex_intersection, minmay_misc_feat_pillars, uniq_terence, uniq_jessica
D:3:      layout_loops_cross, mainiacjoe_overflow_cross_hatched,
          nicolae_gozag_zags_fifth_avenue, nemelex_diamond_rough_becter,
          uniq_sigmund, uniq_robin

Skill      XL: |  1  2  3  4 |
---------------+-------------+-----
Stealth        | 3 |  3.7
Short Blades   | 1 2 |  2.1
Fighting       | 1 |  1.4
Dodging        | |  2.7
Spellcasting   | |  2.4
Transmutations | |  1.7
Earth Magic    | |  3.3

Action                   |  1- 3 |  4- 6 || total
-------------------------+-------+-------++-------
Melee: Unarmed           |     2 |       ||     2
       Constrict         |    13 |     5 ||    18
       Dagger            |    40 |    28 ||    68
       Tentacles         |     5 |     2 ||     7
Throw: Javelin           |     4 |     7 ||    11
 Cast: Sandblast         |    30 |       ||    30
       Stone Arrow       |     2 |       ||     2
  Use: Scroll            |     3 |     1 ||     4
       Potion            |       |     1 ||     1
 Stab: Sleeping          |     3 |     1 ||     4
Armor: Skin              |     1 |     2 ||     3
Dodge: Dodged            |    23 |    18 ||    41
